 Dungeon Crawl Stone Soup version 0.28.0-43-g3370ac3207 (webtiles) character file.

Game seed: 791576751422223995

107 xzight the Covered (level 4, -1/29 HPs)
             Began as a Gargoyle Fighter on Mar 18, 2022.
             Killed from afar by Sigmund (6 damage)
             ... with a puff of flame
             ... on level 2 of the Dungeon.
             The game lasted 00:03:07 (2448 turns).

xzight the Covered (Gargoyle Fighter)               Turns: 2448, Time: 00:03:07

Health: -1/29      AC: 13    Str: 22    XL:     4   Next: 85%
Magic:  4/4        EV:  7    Int:  8    God:
Gold:   42         SH:  4    Dex:  9    Spells: 3/3 levels left

rFire   . . .      SeeInvis .   a - +0 war axe
rCold   . . .      Faith    .   c - +0 buckler
rNeg    + . .      Spirit   .   g - +0 chain mail
rPois   ∞          Reflect  .   (no helmet)
rElec   +          Harm     .   (no cloak)
rCorr   .          Rampage  .   (no gloves)
Will    .....                   (no boots)
Stlth   ..........              (no amulet)
HPRegen 0.09/turn               (no ring)
MPRegen 0.09/turn               (no ring)

@: no status effects
A: sickness immunity, AC +3, negative energy resistance 1, electricity
resistance, torment resistance 1, petrification resistance
a: no special abilities


You were on level 2 of the Dungeon.
You visited 1 branch of the dungeon, and saw 3 of its levels.

You collected 42 gold pieces.


Innate Abilities, Weirdness & Mutations

You are immune to sickness and miasma.
Your stone body is resilient. (AC +3)
You are immune to poison.
You resist negative energy. (rN+)
You are resistant to electric shocks. (rElec)
You are resistant to unholy torment.
You are immune to petrification.


   Skills:
 + Level 3.9 Fighting
 * Level 3.1 Axes
 + Level 3.9 Armour
 + Level 3.9 Shields


You had 3 spell levels left.
You didn't know any spells.
Your spell library was empty.

Inventory:

Hand Weapons
 a - a +0 war axe (weapon)
Missiles
 o - a throwing net (quivered) {=f}
Armour
 c - a +0 buckler (worn)
 g - a +0 chain mail (worn)
 i - a +0 helmet
Scrolls
 e - a scroll of identify {unknown}
 f - a scroll of amnesia {unknown}
 n - a scroll of teleportation {unknown}
Potions
 b - 2 potions of heal wounds {unknown}
 d - a potion of might
 h - a potion of berserk rage {unknown}
 j - 2 potions of flight {unknown}
 k - a potion of curing {@q1}
 l - a potion of haste {unknown}
 m - a potion of attraction {unknown}

Dungeon Overview and Level Annotations

Branches:
Dungeon (3/15)

Altars:

Annotations:
D:2 Sigmund

#.............#.# #.# #.#
#.##########..#.####.##### #.#
#.# #....)........# #.#
#.##########..).####.###.# #.#
#..............<.......#.# #.#
############....#.##.#[#.# #.#
..# #..#.#....#.<(# #.# ..#
#..#S#@.#.#...# #.# ..#
#..#.@..###...# #.#
..##########..##†........####.###
...........#..##..#####.........#
##########.#..##......#.####...##
# #....##...#...........# #
#...###...............# #
#.........#..#.....#..# #
#....####.#..#........# ########
#....# #.#..#.#.#.#.##


You could see Sigmund and an adder.


Message History

The adder is severely wounded.
You closely miss Sigmund. You hit the giant cockroach.
You kill the giant cockroach!
The adder barely misses you. The adder bites you.
* * * LOW HITPOINT WARNING * * *
Sigmund barely misses you.
You barely miss the adder.
The adder is severely wounded.
You barely miss Sigmund. The adder bites you but does no damage.
The adder bites you.
* * * LOW HITPOINT WARNING * * *
Sigmund hits you but does no damage.
You closely miss the adder.
The adder is severely wounded.
You hit Sigmund. The adder bites you but does no damage.
You block the adder's attack.
Sigmund laughs darkly.
Sigmund gestures at you while chanting.
The magic dart hits you but does no damage.
You barely miss the adder.
The adder is severely wounded.
You barely miss Sigmund. The adder bites you.
* * * LOW HITPOINT WARNING * * *
Sigmund closely misses you. The adder bites you but does no damage.
You barely miss the adder.
The adder is heavily wounded.
You barely miss Sigmund. You block the adder's attack.
Sigmund gestures at you while chanting. The puff of flame hits you.
You die...

Skill      XL: |  1  2  3  4 |
---------------+-------------+-----
Axes           | 2 3 |  3.1
Fighting       | |  3.9
Armour         | |  3.9
Shields        | |  3.9

Action                   |  1- 3 |  4- 6 || total
-------------------------+-------+-------++-------
Melee: War axe           |    95 |    59 ||   154
Armor: Scale mail        |    13 |       ||    13
       Chain mail        |    71 |    45 ||   116
Dodge: Dodged            |    47 |    26 ||    73
Block: Buckler           |    23 |    17 ||    40

Levels and vault maps discovered:
D:1:      eino_arrival_water_star, layout_loops_ring
D:2:      layout_basic, hellmonk_ecumenical_altar_slurped_away, uniq_robin
D:3:      layout_basic, uniq_sigmund, uniq_terence, uniq_ijyb

Notes
Turn   | Place    | Note
-------+----------+-------------------------------------------
     0 | D:1      | xzight the Gargoyle Fighter began the quest for the Orb.
     0 | D:1      | Reached XP level 1. HP: 14/14 MP: 1/1
    99 | D:1      | Reached skill level 2 in Axes
    99 | D:1      | Reached XP level 2. HP: 12/19 MP: 2/2
   531 | D:1      | Reached XP level 3. HP: 23/23 MP: 3/3
   985 | D:2      | Noticed Robin
  1184 | D:2      | Killed Robin
  1506 | D:2      | Reached XP level 4. HP: 29/29 MP: 4/4
  1815 | D:2      | Found a faded altar of an unknown god.
  2160 | D:2      | Reached skill level 3 in Axes
  2432 | D:3      | Noticed Sigmund
  2448 | D:2      | Killed from afar by Sigmund

Vanquished Creatures
  Robin (D:2)
  3 gnolls (D:2)
  An adder (D:2)
  A dart slug (D:1)
  2 bats (D:2)
  5 endoplasms
  4 giant cockroaches
  12 goblins
  4 hobgoblins
  3 jackals (D:1)
  3 kobolds
  2 quokkas (D:2)
  A ball python (D:1)
  3 frilled lizards
  6 rats
51 creatures vanquished.

Table legend: (Time is in decaauts)
 A = Elapsed time spent in this place.
 B = Non-inter-level travel time spent in this place.
 C = Inter-level travel time spent in this place.
 D = Time resting spent in this place.
 E = Time spent auto-exploring this place.
 F = Levels seen in this place.
 G = Mean time per level.
                   A        B        C        D        E       F      G
               +--------+--------+--------+--------+--------+-----+--------+
         Total |   2518 |   2459 |     59 |    461 |   1578 |   3 |  839.3 |
       Dungeon |   2518 |   2459 |     59 |    461 |   1578 |   3 |  839.3 |
               +--------+--------+--------+--------+--------+-----+--------+

Top non-repeatable levels by time:
     D:1: 1346 daAuts
     D:2: 1160 daAuts
     D:3: 11 daAuts

Table legend:
 A = Non-vault XP
 B = Vault XP
 C = Vault XP percentage of total XP
 D = Non-vault monster count
 E = Vault monster count
 F = Vault count percentage of total count
                 A         B        C        D         E       F
            +---------+---------+-------+---------+---------+-------
      Total |     113 |      40 |  26.1 |      37 |      14 |  27.5
            +---------+---------+-------+---------+---------+-------
        D:1 |      38 |      19 |  33.3 |      22 |      10 |  31.2
        D:2 |      75 |      21 |  21.9 |      15 |       4 |  21.1
            +---------+---------+-------+---------+---------+-------
